Unix NetHack Version 3.7.0-97 Work-in-progress - last build Feb 8 2024 15:05:57 (6d6cdf8371b60126770a3d7b88910941cb14a054,branch:master). Game began 2024-03-01 16:40:53, ended 2024-03-01 17:57:34. laycre, chaotic female human Monk ---- ----- -- ---- ---- --- --..-- |....----- ---..| --------..----..- |..| --....| |..|..^..| #|....---.--- |...........--....| |..---- ---.....| |.-----#.--- -#.....|....| |..--............- -....| |...|)..-- |.| #...---#-- |...........--|[--#-....|.--...| |....| |.----...| |.-- --..>-#..| ----....^.....)--.| |..-------..| ---..| |.| --.-- #..| |.......--.--......#-..|.|%.[.# |.....| -|..- |.-- |.| --- |..| |.---..........------------..#- ----.--.|...| |.| |.| --- |..| |.| --.........--- --.| --.......- |.-- ---.--..-- |..-- |.| |...........|---- -..| |.......-- |..| |........| |...| |.| -...`.......||..-----..-- |........-- --.----|......--- |..-- |.--|....---.--[---....-|<....| ---.......| --.....|--...- ---|.-| |..-|....| ---|.)@j.....|..%%)| |.--...-- |......----[.| ---.-#..-- |...|--..| ---------....%..| |.------ --.........|.---...^....| |..-| |..-- |.....--- |...| ---...---.|...........-- --..| --..-- |....-- ---.|-- --.-| |.|..........-| --.-- |...| |....- |.|..| |..| |..%..........| |..| --..| |.... |....| ---- ---..--......-- ---- ---- --. ------ --------.--- --- Laycre the Initiate St:13 Dx:16 Co:13 In:9 Wi:13 Ch:15 Chaotic Dlvl:8 $:1661 HP:0(62) Pw:35(45) AC:-4 Xp:8/2194 T:5344 Burdened Latest messages: Your lantern is now off. The fire ant staggers from your powerful strike! You kill the fire ant! You see here a fire ant corpse. There is a fire ant corpse here; eat it? [ynq] (n) y You feel guilty. Blecch! Rotten food! You feel rather light headed. You feel less confused now. Pick an object. A gush of water hits the lynx on the head! The lynx staggers from your powerful strike! A gush of water hits the lynx! The lynx hits! The lynx hits again! The lynx misses! You hit the lynx! You kill the lynx! Really step onto that rust trap? [yes|no] yes You escape a rust trap. In what direction? . You feel better. What do you want to use or apply? [ehik-mpqw-yAFJNTY or ?*] l Your lantern is now on. You have a little trouble lifting u - a white potion. With great effort you move the boulder. What do you want to use or apply? [ehik-mpqw-yAFJNTY or ?*] l Your lantern is now off. You see here a dagger. Pick an object. You hit the blue jelly! You are suddenly very cold! In what direction? . You feel better. In what direction? . You feel better. You hit the blue jelly! You are suddenly very cold! You hit the blue jelly! You are suddenly very cold! You hit the blue jelly! You are suddenly very cold! You hit the blue jelly! You are suddenly very cold! You die... Do you want your possessions identified? [ynq] (y) y Do you want to see your attributes? [ynq] (y) y Do you want an account of creatures vanquished? [ynaq] (y) y Do you want to see your conduct and achievements? [ynq] (y) y Do you want to see the dungeon overview? [ynq] (y) y Inventory: Coins ('$') $ - 1661 gold pieces Amulets ('"') G - an uncursed amulet versus poison (being worn) Armor ('[') U - a blessed +1 helmet a - an uncursed +2 pair of leather gloves (being worn) V - an uncursed +0 pair of high boots E - an uncursed +0 pair of iron shoes (being worn) o - a cursed -2 mummy wrapping b - a blessed +1 robe (being worn) Comestibles ('%') W - 2 uncursed C-rations y - an uncursed cream pie g - 7 uncursed food rations t - an uncursed sprig of wolfsbane X - 2 uncursed tripe rations D - an uncursed lizard corpse Scrolls ('?') P - 2 uncursed scrolls of teleportation Spellbooks ('+') q - a cursed spellbook of clairvoyance w - a blessed spellbook of jumping Potions ('!') u - an uncursed potion of gain energy K - a cursed potion of healing c - an uncursed potion of invisibility s - an uncursed potion of levitation j - an uncursed potion of monster detection n - a potion of holy water Rings ('=') H - a cursed ring of hunger C - an uncursed +2 ring of protection (on right hand) v - an uncursed +1 ring of protection r - an uncursed ring of stealth Wands ('/') N - an uncursed wand of cold (0:3) T - an uncursed wand of lightning (0:2) i - an uncursed wand of striking (0:3) Tools ('(') Y - an uncursed blindfold l - an uncursed brass lantern J - an uncursed expensive camera (0:46) F - a cursed figurine of a master mind flayer e - an uncursed magic lamp A - an uncursed magic whistle p - an uncursed +0 pick-axe k - an uncursed skeleton key x - an uncursed tallow candle Gems/Stones ('*') Q - 2 uncursed amethyst stones S - an uncursed black opal I - an uncursed jade stone M - an uncursed ruby d - an uncursed topaz stone z - an uncursed worthless piece of black glass R - an uncursed worthless piece of orange glass f - 2 uncursed worthless pieces of white glass Z - an uncursed worthless piece of yellow glass L - an uncursed worthless piece of yellowish brown glass m - an uncursed flint stone h - an uncursed luckstone Laycre the Monk's attributes: Background: You were an Initiate, a level 8 female human Monk. You were chaotic, on a mission for Huan Ti who was opposed by Shan Lai Ching (lawful) and Chih Sung-tzu (neutral). You were right-handed. You were in the Gnomish Mines, on level 8. You entered the dungeon 5344 turns ago. You had 2194 experience points, 366 more were needed to attain level 9. Basics: You had 0 out of 62 hit points. You had 35 out of 45 energy points (spell power). Your armor class was -4. Your wallet contained 1661 zorkmids. Autopickup was on for '$=/!?"' plus thrown, with exceptions. Final Characteristics: Your strength was 13 (limit:18/100). Your dexterity was 16 (limit:18). Your constitution was 13 (limit:18). Your intelligence was 9 (limit:18). Your wisdom was 13 (limit:18). Your charisma was 15 (limit:18). Final Status: You weren't hungry. You were burdened; movement was slightly slowed. You were empty handed. You had expert skill with martial arts. Final Attributes: You were piously aligned. You were sleep resistant. You were poison resistant. You saw invisible. You were warned. You were stealthy. You had a moderate defense bonus (+6). You were protected. You were fast. You were lucky. You had extra luck. Bad luck did not time out for you. Good luck did not time out for you. You are dead. Miscellaneous: You never encountered a bones level. Total elapsed playing time was 1 hour, 16 minutes and 41 seconds. Major events: Turn 1: laycre the chaotic female human Monk entered the dungeon 586: entered the Gnomish Mines 1098: attained the rank of Novice (level 3) 2237: reached Mine Town 2297: attained the rank of Initiate (level 6) 5344: killed by a blue jelly Vanquished creatures: a soldier a chameleon 2 lynxes a giant spider a vampire bat a gold golem a lizard a jaguar an ape 2 soldier ants 3 fire ants an imp 4 Mordor orcs 3 Uruk-hai 2 shriekers 22 gnome leaders 2 gnomish wizards a kobold mummy 3 elf zombies a ghoul a little dog 2 floating eyes a kitten 18 dwarves 6 rothes 2 rabid rats a giant bat 4 orc zombies 2 iguanas 2 coyotes a gas spore 2 hobbits a giant rat a green mold a red mold 59 gnomes a gnome zombie 3 geckos 9 jackals a fox 3 goblins 2 sewer rats a grid bug 2 bats 3 lichens a kobold zombie 4 newts 188 creatures vanquished. No species were genocided or became extinct. Voluntary challenges: You never hit with a wielded weapon. You read items or engraved 9 times. You never engraved Elbereth. You never genocided any monsters. You never polymorphed an object. You never changed form. You used no wishes. Achievements: You entered the Gnomish Mines. You entered a shop. You attained the rank of Novice. You entered Minetown. You attained the rank of Initiate. You entered a temple. The Dungeons of Doom: levels 1 to 5 Level 1: A fountain. Level 2: Level 3: "stash box" An altar to Huan Ti, a fountain. Stairs down to The Gnomish Mines. Level 4: "closet" A fountain. Level 5: Many fountains. Oracle of Delphi. The Gnomish Mines: levels 4 to 12 Level 4: Level 5: Level 6: A temple and an altar, some fountains, some trees. Level 7: Level 8: <- You were here. Final resting place for you, killed by a blue jelly. Level 9: Level 10: Level 11: "mines end below, Tq.." Level 12: Game over: ---------- / \ / REST \ / IN \ / PEACE \ / \ | laycre | | 1661 Au | | killed by a blue | | jelly | | | | | | 2024 | *| * * * | * _________)/\\_//(\/(/\)/\//\/|_)_______ Goodbye laycre the Monk... You died in The Gnomish Mines on dungeon level 8 with 10841 points, and 1661 pieces of gold, after 5344 moves. You were level 8 with a maximum of 62 hit points when you died.